 Dungeon Sprint DCSS version 0.30-a0-802-gb92711bcdf (webtiles) character file.

Game seed: 39805232414490964

18642 BigDaddyOpFi the Severer (level 12, -12/130 HPs)
             Began as a Hill Orc Fighter on Feb 23, 2023.
             Was an Elder of Jiyva.
             Mangled by an orc knight
             ... wielding a +0 great mace
              (27 damage)
             ... in the Dungeon (Sprint VII: "The Pits").
             The game lasted 00:04:51 (1275 turns).

BigDaddyOpFi the Severer (Hill Orc Fighter)         Turns: 1275, Time: 00:04:52

Health: -12/130    AC: 25    Str: 24    XL:     12   Next: 60%
Magic:  12/12      EV: 11    Int:  8    God:    Jiyva [****..]
Gold:   80         SH:  8    Dex: 10    Spells: 11/11 levels left

rFire   . . .      SeeInvis .    n - +5 broad axe (heavy)
rCold   . . .      Faith    .    c - +0 buckler
rNeg    . . .      Spirit   .    l - +4 plate armour
rPois   .          Reflect  .    (helmet unavailable)
rElec   .          Harm     .    (no cloak)
rCorr   +          Rampage  .    (no gloves)
Will    .....      Clarity  +    (no boots) Stlth NoTele +
                                 (no amulet)
HPRegen 1.69/turn                b - +3 ring of protection
MPRegen 0.53/turn                d - +3 ring of evasion

@: no status effects
A: horns 3, talons 2, clarity, acidic bite
a: Renounce Religion, Oozemancy, Slimify


You were in the Dungeon.
You worshipped Jiyva.
Jiyva was greatly pleased with you.
You visited 1 branch You collected 80 gold pieces.

Inventory:

Hand Weapons
 n - a +5 heavy broad axe (weapon)
Armour
 c - a +0 buckler (worn)
 l - a +4 plate armour (worn)
Jewellery
 a - a +4 ring of protection
 b - a +3 ring of protection (left hand)
 d - a +3 ring of evasion (right hand)
 v - a ring of magical power
 w - a ring of see invisible
Wands
 u - a wand of polymorph (17)
Scrolls
 j - 2 scrolls of blinking
 p - 2 scrolls of fog
 r - a scroll of identify
 s - a scroll of fear
 x - a scroll of amnesia
Potions
 e - 11 potions of curing
 f - 12 potions of heal wounds
 g - 3 potions of haste
 h - 4 potions of magic
 i - a potion of berserk rage
 k - 2 potions of invisibility
 m - a potion of might
 o - a potion of brilliance
 q - 3 potions of resistance


   Skills:
 + Level 19.2 Fighting
 + Level 20.6 Axes
 + Level 17.8 Armour
 + Level 17.8 Shields


You had 11 spell levels left.
You didn't know any spells.
Your spell library contained the following spells:

 Spells                   Type           Power      Damage    Failure   Level
 Fireball                 Conj/Fire      0%         3d3       100%        5
 Iskenderun's Battlesphe  Conj           0%         2d6       100%        5
 Conjure Ball Lightning   Conj/Air       0%         3x3d6     100%        6
 Orb of Destruction       Conj           0%         9d5       100%        7


Dungeon Overview and Level Annotations

Branches:
Dungeon (1/1)

Altars:
Ashenzari
Cheibriados
Dithmenos
Elyvilon
Fedhas
Gozag
Hepliaklqana
Kikubaaqudgha
Makhleb
Nemelex Xobeh
Okawaru
Qazlal
Ru
Sif Muna
Trog
Uskayaw
Vehumet
Wu Jian
Xom
Yredelemnul
Zin
The Shining One
Beogh
Jiyva
Lugonu


Innate Abilities, Weirdness & Mutations

You have a pair of large horns on your head.
You have razor-sharp toenails.
You possess an exceptional clarity of mind.
You have acidic saliva.


Message History

Unknown command.
You slice the orc warlord like a ripe choko!!!
You kill the orc warlord!
You barely miss the orc knight. You closely miss the orc knight.
You hit the orc knight. You slice the orc warlord!!
The acid blob hits the orc knight!
The orc knight is splashed with acid.
The orc knight hits you with a +0 war axe!!
The orc knight hits the acid blob with a +0 war axe!!
The orc knight is burned by acid!
The orc knight barely misses the acid blob.
The orc knight hits you but does no damage. x2
Unknown command.
You slash the orc knight! Your headbutt misses the orc knight.
The orc knight is lightly wounded.
You slash the orc knight! You hit the orc knight. You slash the orc knight!
You cut the orc warlord into ribbons!!!
The acid blob spits acid at the orc knight.
The splash of acid hits the orc knight!
The acid corrodes the orc knight!
The orc warlord hits you but does no damage.
The orc knight hits you with a +0 battleaxe!
The orc knight hits the acid blob with a +0 battleaxe!
The orc knight is burned by acid!
The orc knight hits the acid blob with a +0 war axe!!!
The orc knight is burned by acid!
You block the orc knight's attack. x2
The orc knight hits you with a +0 great mace!
Unknown command.
You barely miss the orc knight. You claw the orc knight!
Your headbutt misses the orc knight.
The orc knight is moderately wounded.
You hit the orc knight. x2; You slash the orc knight!
You slash the orc warlord! You completely miss the orc knight.
The acid blob hits the orc knight!!
The orc knight dies!
You block the orc warlord's attack.
The orc knight hits you with a +0 dire flail!!
* * * LOW HITPOINT WARNING * * *
The orc knight hits you but does no damage.
The orc knight hits the acid blob with a +0 battleaxe!
The orc knight is burned by acid!
The orc knight hits you with a +0 great mace!!
You die...

..# ..+ ..+ ''#
''###############################
............J....................
.................................
..##############Jo##############.
..# #..o@o...# #) ..# #..oooJ..#
#. ..# ####..#### #. ..# .... #.
..# ..... #. ..# ....... #. †.#
##..#### #. ..# #### #. ..# #.


You could see an orc warlord (strong), 5 orc knights, a neutral acid blob
(distracted) (fellow slime) and a neutral endoplasm (wandering) (fellow slime).

Vanquished Creatures
  An orc warlord (D)
  A deep elf sorcerer (D)
  An eidolon (D)
  Harold (D)
  A hydra (D)
  An ogre mage (D)
  A merfolk aquamancer (D)
  A two-headed ogre (D)
  A sun demon (D)
  A sea snake (D)
  A phantasmal warrior (D)
  4 orc knights (D)
  2 cyclopes (D)
  A black mamba (D)
  A smoke demon (D)
  A cane toad (D)
  A molten gargoyle (D)
  A kobold demonologist (D)
  A red devil (D)
  A merfolk (D)
  2 hellwings (D)
  2 hornets (D)
  A tyrant leech (D)
  3 blink frogs (D)
  Prince Ribbit (D)
  A polar bear (D)
  7 dream sheep (D)
  2 jumping spiders (D)
  2 flying skulls (D)
  An air elemental (D)
  A ynoxinul (D)
  3 water elementals (D)
  Eustachio (D)
  A fire bat (D)
  A fire elemental (D)
  A basilisk (D)
  A redback (D)
  5 hell hounds (D)
  An orc warrior (D)
  Pargi (D)
  6 wolves (D)
  A phantom (D)
  A kobold brigand (D)
  5 necrophages (D)
  4 wights (D)
  A crimson imp (D)
  A quasit (D)
  2 orc priests (D)
  A gnoll bouda (D)
  3 orc wizards (D)
  6 gnolls (D)
  A white imp (D)
  A worm (D)
  3 orcs (D)
  A ball python (D)
  3 bats (D)
  A hobgoblin (D)
  A jackal (D)
  A ball python skeleton (D)
  A bat simulacrum (D)
  2 frilled lizards (D)
108 creatures vanquished.

Vanquished Creatures (others)
  the Royal Jelly (D)
  3 pandemonium lords (D)
  An ancient lich (D)
  Khufu (D)
  2 royal mummies (D)
  Boris (D)
  Nikola (D)
  A Tzitzimitl (D)
  An Ice Fiend (D)
  2 Brimstone Fiends (D)
  2 liches (D)
  15 acid blobs (D)
  A deep elf master archer (D)
  An Executioner (D)
  6 titans (D)
  2 shadow dragons (D)
  12 azure jellies (D)
  12 rockslimes (D)
  A nagaraja (D)
  A frost giant (D)
  Louise (D)
  2 orc warlords (D)
  A ghoul (D)
  15 quicksilver oozes (D)
  A green draconian (D)
  A dire elephant (D)
  2 green deaths (D)
  A blizzard demon (D)
  A great orb of eyes (D)
  An ettin (D)
  A fire dragon (D)
  A mummy priest (D)
  2 dancing weapons (D)
  A hell hog (D)
  A spriggan berserker (D)
  A mana viper (shapeshifter) (D)
  A faun (shapeshifter) (D)
  An orc knight (D)
  3 tormentors (D)
  A polar bear (D)
  3 golden eyes (D)
  A fire elemental (D)
  A steam dragon (D)
  A small abomination (D)
  A phantom (D)
  A crimson imp (D)
  A quasit (D)
  20 jellies (D)
  A bat zombie (D)
  2 giant cockroaches (D)
  A ball python zombie (D)
  A quokka simulacrum (D)
140 creatures vanquished.

Grand Total: 248 creatures vanquished

Notes
Turn   | Place    | Note
-------+----------+-------------------------------------------
     0 | D        | BigDaddyOpFi the Hill Orc Fighter began the quest for the
                  | Orb.
     0 | D        | Reached XP level 1. HP: 19/19 MP: 1/1
    13 | D        | Reached skill level 3 in Axes
    13 | D        | Reached XP level 2. HP: 22/28 MP: 2/2
    16 | D        | Found a bloodstained altar of Trog.
    16 | D        | Found a shimmering blue altar of Sif Muna.
    16 | D        | Found a viscous altar of Jiyva.
    16 | D        | Found a hazy altar of Hepliaklqana.
    16 | D        | Found an opulent altar of Gozag.
    17 | D        | Found a glowing golden altar of the Shining One.
    17 | D        | Found a glowing silver altar of Zin.
    17 | D        | Found a basalt altar of Yredelemnul.
    17 | D        | Found a shimmering altar of Xom.
    17 | D        | Found an ornate altar of the Wu Jian Council.
    17 | D        | Found a sacrificial altar of Ru.
    17 | D        | Found a stormy altar of Qazlal.
    17 | D        | Found an iron altar of Okawaru.
    17 | D        | Found a sparkling altar of Nemelex Xobeh.
    17 | D        | Found a burning altar of Makhleb.
    17 | D        | Found a blossoming altar of Fedhas.
    17 | D        | Found a white marble altar of Elyvilon.
    17 | D        | Found a shadowy altar of Dithmenos.
    17 | D        | Found a snail-covered altar of Cheibriados.
    18 | D        | Found a radiant altar of Vehumet.
    18 | D        | Found a corrupted altar of Lugonu.
    18 | D        | Found a roughly hewn altar of Beogh.
    21 | D        | Found a broken altar of Ashenzari.
    21 | D        | Found an ancient bone altar of Kikubaaqudgha.
    21 | D        | Found a hide-covered altar of Uskayaw.
    23 | D        | Became a worshipper of Jiyva Jeylikh the Shapeless
    25 | D        | Killed a fire elemental
    26 | D        | Killed a lich
    26 | D        | Killed a hell hog
    28 | D        | Killed an azure jelly
    28 | D        | Killed a tormentor
    29 | D        | Killed a lich
    29 | D        | Killed an azure jelly
    31 | D        | Killed an ettin
    33 | D        | Killed Nikola
    33 | D        | Killed a crimson imp
    34 | D        | Killed a rockslime
    34 | D        | Killed an acid blob
    36 | D        | Killed a titan
    36 | D        | Killed a golden eye
    37 | D        | Killed an acid blob
    38 | D        | Killed a deep elf master archer
    42 | D        | Killed a green death
    43 | D        | Killed a great orb of eyes
    46 | D        | Killed a fire dragon
    52 | D        | Killed a Brimstone Fiend
    52 | D        | Killed an acid blob
    53 | D        | Killed an Executioner
    54 | D        | Killed a golden eye
    55 | D        | Killed an azure jelly
    57 | D        | Killed a phantom
    59 | D        | Killed a tormentor
    64 | D        | Killed an azure jelly
    65 | D        | Killed a runed flail
    66 | D        | Reached skill level 4 in Axes
    66 | D        | Killed a dire elephant
    68 | D        | Killed a spriggan berserker
    68 | D        | Killed an ancient lich
    72 | D        | Killed an acid blob
    76 | D        | Killed a nagaraja
    84 | D        | Killed a quicksilver ooze
    87 | D        | Banished a rockslime
    91 | D        | Killed an acid blob
   101 | D        | Killed a rockslime
   101 | D        | Killed an azure jelly
   108 | D        | Killed an acid blob
   113 | D        | Killed Sykkesuoh the pandemonium lord
   115 | D        | Killed an acid blob
   116 | D        | Killed Louise
   132 | D        | Noticed a fire bat
   133 | D        | Reached * piety under Jiyva
   133 | D        | Noticed a kobold brigand
   133 | D        | Noticed a necrophage
   138 | D        | Killed an acid blob
   141 | D        | Killed a necrophage
   141 | D        | Killed Khufu
   142 | D        | Reached skill level 5 in Axes
   142 | D        | Reached skill level 5 in Armour
   142 | D        | Reached skill level 5 in Shields
   142 | D        | Reached XP level 3. HP: 36/37 MP: 3/3
   142 | D        | Reached XP level 4. HP: 42/44 MP: 4/4
   145 | D        | Killed a kobold brigand
   145 | D        | HP: 2/44 [fire bat (6)]
   146 | D        | Reached skill level 6 in Axes
   146 | D        | Reached XP level 5. HP: 2/51 MP: 5/5
   148 | D        | Killed a fire bat
   149 | D        | Reached skill level 8 in Axes
   149 | D        | Reached XP level 6. HP: 32/61 MP: 6/6
   207 | D        | Killed a frost giant
   222 | D        | Killed a titan
   225 | D        | Noticed Prince Ribbit
   225 | D        | Noticed a flying skull
   245 | D        | Killed Prince Ribbit
   246 | D        | Reached skill level 10 in Axes
   246 | D        | Reached XP level 7. HP: 22/70 MP: 7/7
   247 | D        | Killed a flying skull
   248 | D        | Reached skill level 10 in Fighting
   254 | D        | Killed an acid blob
   264 | D        | Killed an azure jelly
   312 | D        | Killed Boris
   321 | D        | Killed a golden eye
   381 | D        | Killed an azure jelly
   390 | D        | Noticed a fire elemental
   390 | D        | Noticed a hornet
   392 | D        | Paralysed by a hornet for 2 turns
   395 | D        | Killed a green death
   396 | D        | Killed a quicksilver ooze
   397 | D        | Killed a shadow dragon
   399 | D        | Killed a hornet
   400 | D        | Reached skill level 11 in Axes
   400 | D        | Reached skill level 10 in Armour
   400 | D        | Reached skill level 10 in Shields
   400 | D        | Reached XP level 8. HP: 81/81 MP: 8/8
   430 | D        | Killed a quicksilver ooze
   432 | D        | Killed a quicksilver ooze
   437 | D        | Killed a rockslime
   438 | D        | Killed an acid blob
   439 | D        | Killed a ghoul
   440 | D        | Killed Qehimmael the pandemonium lord
   441 | D        | Killed a rockslime
   442 | D        | Killed a blizzard demon
   484 | D        | Killed a mana viper
   490 | D        | Killed a tormentor
   514 | D        | Killed a faun
   516 | D        | Killed a glowing scimitar
   519 | D        | Killed an acid blob
   520 | D        | Killed a mummy priest
   540 | D        | Reached ** piety under Jiyva
   553 | D        | Killed an orc warlord
   557 | D        | Killed an azure jelly
   560 | D        | Killed an azure jelly
   567 | D        | Reached skill level 12 in Axes
   572 | D        | Noticed a red devil
   572 | D        | Noticed a black mamba
   572 | D        | Noticed a phantasmal warrior
   575 | D        | Killed a quicksilver ooze
   577 | D        | Killed a black mamba
   580 | D        | Killed a phantasmal warrior
   581 | D        | Reached skill level 13 in Axes
   581 | D        | Reached XP level 9. HP: 29/92 MP: 9/9
   588 | D        | Killed a red devil
   620 | D        | Killed a rockslime
   622 | D        | Killed a quicksilver ooze
   635 | D        | Killed an acid blob
   646 | D        | Killed an acid blob
   648 | D        | Killed a quicksilver ooze
   649 | D        | Killed a quicksilver ooze
   655 | D        | Noticed a hellwing
   655 | D        | Noticed a cane toad
   658 | D        | Killed Upeplif the pandemonium lord
   659 | D        | Killed a cane toad
   660 | D        | Reached skill level 14 in Axes
   661 | D        | Killed a quicksilver ooze
   669 | D        | Killed a hellwing
   669 | D        | Killed a titan
   692 | D        | Noticed a tyrant leech
   696 | D        | Noticed a hellwing
   704 | D        | Killed a tyrant leech
   709 | D        | Killed a hellwing
   710 | D        | Reached *** piety under Jiyva
   712 | D        | Reached XP level 10. HP: 52/102 MP: 10/10
   712 | D        | Noticed a kobold demonologist
   719 | D        | Killed a kobold demonologist
   720 | D        | Reached skill level 15 in Axes
   723 | D        | Gained mutation: Your melee attacks may engulf your foes in
                  | ooze. [Jiyva's grace]
   723 | D        | Gained mutation: You have a pair of small horns on your
                  | head. [Jiyva's grace]
   723 | D        | Gained mutation: You have a pair of horns on your head.
                  | [Jiyva's grace]
   723 | D        | Gained mutation: You have a pair of large horns on your
                  | head. [Jiyva's grace]
   723 | D        | Noticed a six-headed hydra
   723 | D        | Noticed a cyclops
   723 | D        | Noticed a deep elf sorcerer
   731 | D        | Killed a cyclops
   735 | D        | Reached skill level 15 in Fighting
   735 | D        | Reached skill level 16 in Axes
   735 | D        | Killed an 11-headed hydra
   737 | D        | Killed an azure jelly
   739 | D        | Killed a deep elf sorcerer
   740 | D        | Reached skill level 17 in Axes
   740 | D        | Reached XP level 11. HP: 65/114 MP: 11/11
   740 | D        | Killed an Ice Fiend
   746 | D        | Noticed a cyclops
   746 | D        | Killed a titan
   748 | D        | Noticed Harold
   749 | D        | Noticed Eustachio
   756 | D        | Killed a cyclops
   757 | D        | Reached skill level 15 in Armour
   757 | D        | Reached skill level 15 in Shields
   765 | D        | Reached skill level 18 in Axes
   765 | D        | Killed a Brimstone Fiend
   773 | D        | Killed Harold
   774 | D        | Killed Eustachio
   803 | D        | Killed an orc warlord
   808 | D        | Killed a royal mummy
   815 | D        | Killed a Tzitzimitl
   818 | D        | Killed a royal mummy
   818 | D        | Killed a rockslime
   823 | D        | Killed a rockslime
   825 | D        | Killed a titan
   827 | D        | Killed a quicksilver ooze
   828 | D        | Killed a titan
   831 | D        | Killed a rockslime
   831 | D        | Killed the Royal Jelly
   833 | D        | Killed a quicksilver ooze
   834 | D        | Killed a green draconian
   834 | D        | Killed an acid blob
   839 | D        | Killed a shadow dragon
   842 | D        | Killed a rockslime
   842 | D        | Noticed Pargi
   845 | D        | Killed a quicksilver ooze
   847 | D        | Killed a rockslime
   857 | D        | Killed Pargi
   858 | D        | Killed an acid blob
   916 | D        | Killed a quicksilver ooze
   922 | D        | Killed an azure jelly
   923 | D        | Killed a rockslime
   961 | D        | Noticed a sea snake
   973 | D        | Killed a sea snake
   983 | D        | Reached **** piety under Jiyva
   983 | D        | Noticed a sun demon
   991 | D        | Killed a sun demon
   992 | D        | Reached skill level 19 in Axes
  1081 | D        | Killed a quicksilver ooze
  1083 | D        | Noticed an eidolon
  1092 | D        | Killed an eidolon
  1093 | D        | Reached XP level 12. HP: 97/127 MP: 12/12
  1112 | D        | Killed an azure jelly
  1113 | D        | Killed a quicksilver ooze
  1117 | D        | Killed a rockslime
  1119 | D        | Noticed a profane servitor
  1124 | D        | Slimified a profane servitor
  1124 | D        | a profane servitor changed into an acid blob
  1124 | D        | Noticed an acid blob
  1138 | D        | Noticed a merfolk aquamancer
  1149 | D        | Killed a merfolk aquamancer
  1212 | D        | Lost mutation: Your melee attacks may engulf your foes in
                  | ooze. [Jiyva's grace]
  1212 | D        | Gained mutation: You possess an exceptional clarity of
                  | mind. [Jiyva's grace]
  1212 | D        | Gained mutation: You have acidic saliva. [Jiyva's grace]
  1212 | D        | Gained mutation: You have sharp toenails. [Jiyva's grace]
  1212 | D        | Gained mutation: You have razor-sharp toenails. [Jiyva's
                  | grace]
  1213 | D        | Noticed an ogre mage
  1213 | D        | Noticed a two-headed ogre
  1217 | D        | Killed an ogre mage
  1218 | D        | Killed a two-headed ogre
  1219 | D        | Reached skill level 20 in Axes
  1262 | D        | Noticed an orc warlord
  1263 | D        | Noticed an orc warlord
  1273 | D        | Killed an orc warlord
  1275 | D        | Mangled by an orc knight

Illustrated notes

Levels and vault maps discovered:
D:        pitsprint [storerooms_1, entrance_room_1, metal_vault_2, armoury_2,
          mini_pit_1, grid_room_1, main_hall_1, silver_pit, the_coven_1,
          the_vestibule_1, steel_vault_4, golden_pit, hallway_of_sentries,
          crystal_vault_6, iron_vault_5, final_vault]

Skill      XL: |  1  2  3  4  5  6  7  8  9 10 11 12 |
---------------+-------------------------------------+-----
Fighting       | 4 6 8 9 10 12 13 15 18 19 | 19.2
Axes           | 3 5 6 8 10 11 13 14 17 19 20 | 20.6
Armour         | 4 5 6 7 8 10 11 12 14 16 17 | 17.8
Shields        | 4 5 6 7 8 10 11 12 14 16 17 | 17.8

Action                     |  1- 3 |  4- 6 |  7- 9 | 10-12 || total
---------------------------+-------+-------+-------+-------++-------
  Melee: War axe           |    18 |    32 |    21 |       ||    71
         Broad axe         |       |       |    52 |   104 ||   156
         Headbutt          |       |       |       |    18 ||    18
         Kick              |       |       |       |     5 ||     5
         Bite              |       |       |       |     1 ||     1
 Invoke: Oozemancy         |       |       |       |     2 ||     2
         Slimify           |       |       |       |     1 ||     1
    Use: Potion            |     1 |     2 |     3 |     2 ||     8
         Scroll            |       |       |       |     6 ||     6
 Armour: Scale mail        |    13 |       |       |       ||    13
         Plate armour      |     4 |    30 |    61 |    93 ||   188
  Dodge: Dodged            |    16 |     8 |    45 |    67 ||   136
  Block: Buckler           |     5 |     8 |    29 |    58 ||   100

Table legend: (Time is in decaauts)
 A = Elapsed time spent in this place.
 B = Non-inter-level travel time spent in this place.
 C = Inter-level travel time spent in this place.
 D = Time resting spent in this place.
 E = Time spent auto-exploring this place.
 F = Levels seen in this place.
 G = Mean time per level.
                   A        B        C        D        E       F      G
               +--------+--------+--------+--------+--------+-----+--------+
         Total |   1322 |   1312 |     10 |    415 |      0 |   1 | 1322.0 |
       Dungeon |   1322 |   1312 |     10 |    415 |      0 |   1 | 1322.0 |
               +--------+--------+--------+--------+--------+-----+--------+

Top non-repeatable levels by time:
       D: 1322 daAuts
